Zazza, neutral female human Tourist ------------ #-........<.| #|........... #------------ ### # # # # --------# ----- |......|# f#-...| |......|# @ |...| |.......# #i# ...- |......| # ---- |......-######## |......| -------- Zazza the Rambler Experience level: 1 Strength: 11 Dexterity: 11 Constitution: 16 Intelligence: 11 Wisdom: 8 Charisma: 18 Health: 0(12) Energy: 2(2) Def: 1 Gold: 980 Moves: 1953 Dungeon seed: 5hmZ2fxQPHrPI9Q2 Game ID: Zazza_1619008989 Your Inventory: Coins $ - 980 gold pieces Weapons a - 26 +2 darts (in quiver) R - a +0 elven dagger (weapon in hand) Armor e - a blessed +0 Hawaiian shirt (being worn) n - an uncursed +0 scale mail C - an uncursed +0 pair of jumping boots (being worn) D - an uncursed +0 pair of kicking boots F - a blessed +0 helmet H - an uncursed +0 robe I - a cursed -3 pair of gauntlets of fumbling Comestibles b - 3 uncursed food rations f - 2 uncursed cloves of garlic g - an uncursed carrot T - an uncursed lichen corpse Scrolls k - 4 uncursed scrolls of magic mapping Potions j - an uncursed potion of extra healing p - an uncursed potion of gain energy x - an uncursed potion of invisibility Rings q - an uncursed ring of fire resistance (on left hand) r - a cursed ring of teleportation A - a cursed ring of polymorph Wands v - a wand of striking (0:5) Tools l - an expensive camera (0:70) m - an uncursed credit card Gems y - an uncursed worthless piece of yellow glass z - an uncursed worthless piece of yellowish brown glass N - an uncursed fluorite stone Spells and supernatural/magical abilities: Name Level Category Fail Memory W - pray for help -- divine ? -- Y - supernatural jump -- ability ? -- Your skills at the end: Fighting Skills Weapon Skills dart [Basic] Spellcasting Skills Final Attributes: You were nominally aligned. You were fire resistant. You could jump. You are dead. Vanquished creatures: 3 acid blobs a hobbit a large kobold 2 giant rats a gecko 12 jackals a kobold a goblin 2 sewer rats 3 grid bugs 2 bats a lichen a kobold zombie 5 newts 36 creatures vanquished. Voluntary challenges: You had been an atheist until turn 1859. You used a wielded weapon 2 times, starting on turn 528. You were a pacifist. You read items or engraved 8 times, starting on turn 779. You never genocided any monsters. You never polymorphed an object. You never changed form. You used no wishes. You never split a pudding. You wrote Elbereth's name 3 times, starting on turn 1105. You never violated your personal moral code. Dungeon overview: The Dungeons of Doom: levels 1 to 5 Level 1 a fountain a long staircase Level 2 a sink stairs to The Gnomish Mines Level 3 a fountain Level 4 an armor shop Level 5 <- You were here The Gnomish Mines: Level 3 stairs to The Dungeons of Doom History has recorded: On T:1 you entered the Dungeons of Doom to retrieve the Amulet of Yendor! On T:339 you reached level 2 of The Dungeons of Doom. On T:679 you reached level 1 of The Gnomish Mines. On T:828 you reached level 3 of The Dungeons of Doom. On T:1221 you reached level 4 of The Dungeons of Doom. On T:1796 you reached level 5 of The Dungeons of Doom. Score breakdown: Gold: 489 ( 9151 points) Experience: 1 level ( 0 points) Exploration: 5 levels ( 9.43%) ( 8320 points) Discoveries: 8 items ( 2.68%) ( 4915 points) Valuables value: (no points given unless you survive) Artifact value: 0 ( 0 points) Variety of kills: 14 monsters ( 3.67%) ( 5750 points) Turncount: 1953 turns ( 0 points) Survival: died (score multiplied by 80%) Total score: 22508 Latest messages: You feel much better. The imp hits! You write in the dust with your fingers. The imp turns to flee! The sewer rat bites! You stop. Armand is in the way! The sewer rat bites! You hear some noises. You displace Armand. The imp hits! You write in the dust with your fingers. The imp hits! You wipe out the message that was written in the dust here. You write in the dust with your fingers. The imp hits! You die... Final status: Aloha Zazza the Tourist, killed by an imp... You died in The Dungeons of Doom on dungeon level 5 with 22508 points, and 980 pieces of gold, after 1953 moves. You were level 1 with a maximum of 12 hit points when you died.